 Dungeon Crawl Stone Soup version 0.31.0-11-ge490571c62 (webtiles) character file.

Game seed: 17736453093290947392

307 Faeranduil the Apothecary (level 6, -6/36 HPs)
             Began as an Octopode Alchemist on Feb 7, 2024.
             Mangled by an ogre
             ... wielding a +0 giant club
              (20 damage)
             ... on level 5 of the Dungeon.
             The game lasted 00:10:36 (4759 turns).

Faeranduil the Apothecary (Octopode Alchemist)      Turns: 4759, Time: 00:10:37

Health: -6/36      AC:  1    Str:  7    XL:     6   Next: 40%
Magic:  9/11       EV: 13    Int: 20    God:
Gold:   159        SH:  0    Dex: 12    Spells: 8/11 levels left

rFire   . . .        j - +1 dagger (elec)
rCold   . . .        (no shield)
rNeg    . . .        (helmet restricted)
rPois   .            v - amulet of the acrobat
rElec   .            s - +4 ring of slaying
rCorr   .            (no ring)
SInv    .            (no ring)
Will    .....        (no ring)
Stlth   +++          (no ring)
HPRegen 0.26/turn    (no ring)
MPRegen 0.12/turn    (no ring)
                     (no ring)

%: acrobat
@: no status effects
A: almost no armour, amphibious, 8 rings, camouflage 1, gelatinous body 1,
(nimble swimmer 1), tentacles
a: no special abilities


You were on level 5 of the Dungeon.
You visited 1 branch of the dungeon, and saw 5 of its levels.

You collected 159 gold pieces.

Inventory:

Hand Weapons
 c - a +0 dagger
 j - a +1 dagger of electrocution (weapon)
Missiles
 l - 3 curare-tipped darts (quivered)
Armour
 h - a +0 buckler
Jewellery
 s - a +4 ring of slaying (left tentacle)
 v - an amulet of the acrobat (around mantle)
Scrolls
 g - 2 scrolls of immolation
 o - a scroll of teleportation
 t - a scroll of summoning
Potions
 a - 2 potions of magic
 b - 3 potions of curing
 d - a potion of degeneration {unknown}
 e - a potion of ambrosia {unknown}
 f - a potion of lignification {unknown}
 i - 2 potions of invisibility {unknown}
 k - 2 potions of mutation {unknown}
 p - a potion of berserk rage {unknown}
 r - a potion of cancellation {unknown}
 u - a potion of might {unknown}


   Skills:
 - Level 2.0 Dodging
 - Level 2.6 Stealth
 + Level 2.0 Shields
 + Level 3.4 Spellcasting
 + Level 1.6 Conjurations
 * Level 6.0 Alchemy


You had 8 spell levels left.
You knew the following spells:

 Your Spells              Type           Power      Damage    Failure   Level
a - Sting                 Conj/Alch      72%        1d7       2%          1
f - Mercury Vapours       Alch/Air       30%        N/A       6%          2

Your spell library contained the following spells:

 Spells                   Type           Power      Damage    Failure   Level
 Olgreb's Toxic Radiance  Alch           27%        N/A       11%         4
 Apportation              Tloc           6%         N/A       14%         1
 Necrotise                Necr           12%        1d4       14%         1
 Summon Small Mammal      Summ           12%        N/A       14%         1
 Mephitic Cloud           Conj/Alch/Air  13%        N/A       14%         3
 Fulminant Prism          Conj/Alch      9%         3d7       28%         4
 Sticky Flame             Fire/Alch      15%        2d5       36%         4
 Volatile Blastmotes      Fire/Tloc      6%         2d10      38%         3
 Iskenderun's Mystic Bla  Conj/Tloc      6%         2d4       67%         4


Dungeon Overview and Level Annotations

Branches:
Dungeon (5/15)
 Temple: D:4-7

Altars:
Elyvilon
Kikubaaqudgha
Qazlal
Uskayaw
Yredelemnul
The Shining One

Annotations:
D:4 1 transporter, Edmund, Ijyb


Innate Abilities, Weirdness & Mutations

You cannot wear most types of armour.
You are amphibious.
You can wear up to eight rings at the same time.
Your skin changes colour to match your surroundings (Stealth+).
Your rubbery body absorbs attacks. (AC +1, EV +1)
((You are camouflaged when in or above water. (Stealth+)))
You have tentacles for arms and can constrict up to eight enemies at once.


Message History

Press: ? - help, Shift-Dir - straight line, f/p - orc
Aim: an orc, wielding a +0 dagger and wearing a +0 leather armour (moderately wounded, poisoned, 74% to hit)
The sting hits the orc.
The orc looks even sicker.
The orc is almost dead.
You kill the orc!
Things that are here:
a +0 dagger; a +0 leather armour You see here a +0 short sword.
Unknown command.
You hear the slow rusting of a distant drain.
Found a scroll of immolation.
g - 2 scrolls of immolation (gained 1)
You start resting.
You hear the slow rusting of a very distant drain.
An ogre comes into view. It is wielding a +0 giant club.
The ogre moves out of view.
You barely miss the ogre. You squeeze the ogre!
The ogre is heavily wounded.
The ogre barely misses you.
Casting: Sting (safe; 2% risk of failure)
Confirm with . or Enter, or press ? or * to list all spells.
Aiming: Sting (safe; 2% risk of failure)
Press: ? - help, Shift-Dir - straight line, f - ogre
Aim: an ogre, wielding a +0 giant club (heavily wounded, 88% to hit)
The sting hits the ogre.
The ogre is poisoned.
The ogre is heavily wounded.
The ogre hits you with a +0 giant club!!
Ouch! That really hurt!
Casting: Sting (safe; 2% risk of failure)
Confirm with . or Enter, or press ? or * to list all spells.
Aiming: Sting (safe; 2% risk of failure)
Press: ? - help, Shift-Dir - straight line, f/p - ogre
Aim: an ogre, wielding a +0 giant club (heavily wounded, poisoned, 88% to hit)
The sting hits the ogre.
The ogre looks even sicker.
The ogre is severely wounded.
You barely miss the ogre.
The ogre is severely wounded.
The ogre hits you with a +0 giant club!!
Ouch! That really hurt!
You die...

#.#.####### #.#.#
#.#.# #.#.# #.#.#
#.#.#
#.#.###############
#.#................
#.#########@...###
#.# #O#### #.# ...
#.# ##### #.# #.#
#.# #.# #.#


You could see an ogre (very poisoned).

Vanquished Creatures
  A black bear (D:4)
  A bombardier beetle (D:3)
  An orc priest (D:5)
  An orc wizard (D:3)
  4 adders
  9 orcs
  6 endoplasms
  2 giant cockroaches
  6 goblins
  7 hobgoblins
  7 jackals (D:1)
  A quokka (D:1)
  7 ball pythons
  2 bats (D:2)
  4 frilled lizards
  13 kobolds
  11 rats
83 creatures vanquished.

Vanquished Creatures (others)
  A human (D:4)
1 creature vanquished.

Grand Total: 84 creatures vanquished

Notes
Turn   | Place    | Note
-------+----------+-------------------------------------------
     0 | D:1      | Faeranduil the Octopode Alchemist began the quest for the
                  | Orb.
     0 | D:1      | Reached XP level 1. HP: 11/11 MP: 3/3
   207 | D:1      | Reached XP level 2. HP: 8/17 MP: 1/5
   374 | D:1      | Reached skill level 4 in Alchemy
   486 | D:1      | Found Esiga's Assorted Antiques.
   634 | D:1      | Reached XP level 3. HP: 16/21 MP: 0/6
  1220 | D:2      | Found a faded altar of an unknown god.
  1259 | D:2      | Reached XP level 4. HP: 13/27 MP: 2/8
  1449 | D:2      | Found a stormy altar of Qazlal.
  1858 | D:3      | Reached skill level 5 in Alchemy
  2156 | D:3      | Reached XP level 5. HP: 31/31 MP: 3/9
  2291 | D:3      | Reached skill level 1 in Shields
  2796 | D:3      | Found a white marble altar of Elyvilon.
  2800 | D:3      | Found a basalt altar of Yredelemnul.
  2805 | D:3      | Found a hide-covered altar of Uskayaw.
  3374 | D:4      | Found a transporter.
  3400 | D:4      | Found an ancient bone altar of Kikubaaqudgha.
  3404 | D:4      | Noticed a human
  3406 | D:4      | Killed a human
  3439 | D:4      | Noticed Ijyb
  3531 | D:4      | Noticed Edmund
  3541 | D:3      | Learned a level 2 spell: Mercury Vapours
  4036 | D:4      | Noticed a black bear
  4369 | D:4      | Found a glowing golden altar of the Shining One.
  4611 | D:4      | Killed a black bear
  4612 | D:4      | Reached XP level 6. HP: 36/36 MP: 3/11
  4633 | D:5      | Entered Level 5 of the Dungeon
  4659 | D:5      | Reached skill level 6 in Alchemy
  4759 | D:5      | Mangled by an ogre

Illustrated notes

Levels and vault maps discovered:
D:1:      psy_arrival_dodecagon, layout_loops_ring, serial_shops, shop,
          chequers_decorated_corner
D:2:      layout_rooms, chequers_ecumenical_altar_island, basic_altar
D:3:      layout_loops_ring, grunt_temple_overflow_diamond,
          nicolae_concentric_dashed_squares_mild, kennysheep_nub,
          lexackson_kobold_supper
D:4:      gammafunk_cloud_chamber, layout_loops_ring, tso_oasis_becter,
          tgw_kikubaaqudgha, kennysheep_diamond, uniq_edmund, uniq_ijyb
D:5:      layout_basic, okawaru_ov_weapons_minmay, minmay_temple_entry_slanted,
          cheibrodos_sewer_entry_sluice, uniq_grinder

Skill      XL: |  1  2  3  4  5  6 |
---------------+-------------------+-----
Alchemy        | 4 5 6 |  6.0
Spellcasting   | 3 |  3.4
Shields        | 1 2 |  2.0
Dodging        | |  2.0
Stealth        | |  2.6
Conjurations   | |  1.6

Action                     |  1- 3 |  4- 6 || total
---------------------------+-------+-------++-------
  Melee: Unarmed           |    13 |       ||    13
         Tentacles         |    10 |     2 ||    12
         Constrict         |     5 |     1 ||     6
         Punch             |     3 |       ||     3
         Dagger            |    13 |     3 ||    16
   Cast: Sting             |    60 |    99 ||   159
         Mercury Vapours   |       |     2 ||     2
    Use: Potion            |     1 |       ||     1
         Scroll            |       |     6 ||     6
 Armour: Skin              |    22 |    15 ||    37
  Dodge: Dodged            |    14 |    22 ||    36
